TOP OF THE 1ST |
University of Conneticut Huskies batting - Pitching for University of Alabama Crimson Tide : RHP Zachary Mandeville
|
Pitching: RHP Zachary Mandeville
|
|
Batting: RHB Jordan Nicholas
|
0-0: Fly out, F9 (Flyball, 9, EV 92.5 MPH)
|
Batting: RHB Cullen Elliott
|
0-0: Ball 1-0: Fly out, F9 (Line Drive, 9S, EV 102.5 MPH)
|
Batting: RHB Roku Kawano
|
0-0: Fly out, F7 (Line Drive, 78M, EV 98.1 MPH)
|
Top of the 1st over - 0 runs, 0 hits, 0 errors, 0 left on base; University of Conneticut 0 - University of Alabama 0 |
BOTTOM OF THE 1ST |
University of Alabama Crimson Tide batting - Pitching for University of Conneticut Huskies : RHP Sherwood Abernethy
|
Pitching: RHP Sherwood Abernethy
|
|
Batting: LHB Yu-shu Ni
|
0-0: Called Strike 0-1: Foul Ball, location: 2F 0-2: Ball 1-2: Foul Ball, location: 2F 1-2: Foul Ball, location: 2F 1-2: Foul Ball, location: 2F 1-2: SINGLE (Line Drive, 56, EV 97.5 MPH)
|
Batting: LHB Matt Barkley
|
0-0: Called Strike 0-1: Called Strike 0-2: Strikes out swinging
|
Batting: RHB Juan Araiza
|
Pickoff Throw to First - Out! 1-3 0-0: Ball 1-0: Ball 2-0: Ground out U3 (Groundball, 3S, EV 66.2 MPH)
|
Bottom of the 1st over - 0 runs, 1 hit, 0 errors, 0 left on base; University of Conneticut 0 - University of Alabama 0 |
TOP OF THE 2ND |
University of Conneticut Huskies batting - Pitching for University of Alabama Crimson Tide : RHP Zachary Mandeville
|
Batting: LHB Andrew Barzee
|
0-0: Ball 1-0: Fly out, F7 (Flyball, 7, EV 84.4 MPH)
|
Batting: RHB Victor Ramos
|
0-0: Ball 1-0: Ball 2-0: Called Strike 2-1: Foul Ball, location: 2F 2-2: Foul Ball, location: 2F 2-2: Ball 3-2: DOUBLE (Line Drive, 9LD, EV 110.0 MPH)
|
Batting: LHB Hector Acosta
|
0-0: Ball 1-0: Hit by Pitch
|
Batting: LHB Greg James
|
0-0: Called Strike Victor Ramos is caught stealing 3rd base 2-5 0-1: Swinging Strike 0-2: Ball 1-2: Strikes out looking
|
Top of the 2nd over - 0 runs, 1 hit, 0 errors, 1 left on base; University of Conneticut 0 - University of Alabama 0 |
BOTTOM OF THE 2ND |
University of Alabama Crimson Tide batting - Pitching for University of Conneticut Huskies : RHP Sherwood Abernethy
|
Batting: LHB Danny Schultz
|
0-0: SINGLE (Line Drive, 89S, EV 95.0 MPH)
|
Batting: RHB Hughie Withers
|
0-0: Foul Ball, location: 2F 0-1: Ball 1-1: Swinging Strike 1-2: Ball 2-2: Fielders Choice at 2nd, 4-6 (Groundball, 34, EV 83.8 MPH)
|
Batting: LHB Dallas Shaw
|
0-0: Ball 1-0: Called Strike 1-1: Called Strike 1-2: Foul Ball, location: 2F 1-2: Reached on error, E1 (Groundball, 34S, EV 69.4 MPH) Hughie Withers to second
|
Batting: LHB Joe Blackwood
|
0-0: Ball 1-0: Ball 2-0: Reached on error, E3 (Groundball, 3, EV 81.9 MPH) Hughie Withers to third Dallas Shaw to second
|
Batting: RHB Jong-your Lee
|
0-0: Called Strike 0-1: Foul Ball, location: 2F 0-2: Ball 1-2: Fielders Choice at 2nd, 6-4 (Groundball, 6, EV 78.8 MPH) Hughie Withers scores Dallas Shaw to third
|
Batting: RHB Eric Kilmer
|
0-0: Ball 1-0: Ball 2-0: Called Strike 2-1: Called Strike 2-2: Strikes out swinging
|
Bottom of the 2nd over - 1 run, 1 hit, 2 errors, 2 left on base; University of Conneticut 0 - University of Alabama 1 |
TOP OF THE 3RD |
University of Conneticut Huskies batting - Pitching for University of Alabama Crimson Tide : RHP Zachary Mandeville
|
Batting: RHB Jack Vokey
|
0-0: Ball 1-0: Swinging Strike 1-1: Foul Ball, location: 2F 1-2: Ball 2-2: Foul Ball, location: 2F 2-2: Foul Ball, location: 2F 2-2: Ball 3-2: Ground out 4-3 (Groundball, 4, EV 81.2 MPH)
|
Batting: SHB Ismael Vega
|
0-0: Ball 1-0: Ball 2-0: Called Strike 2-1: Ground out 2-3 (Groundball, 13S, EV 71.9 MPH)
|
Batting: RHB Jordan Nicholas
|
0-0: Called Strike 0-1: Called Strike 0-2: Foul Ball, location: 2F 0-2: Ball 1-2: Ball 2-2: Strikes out swinging
|
Top of the 3rd over - 0 runs, 0 hits, 0 errors, 0 left on base; University of Conneticut 0 - University of Alabama 1 |
BOTTOM OF THE 3RD |
University of Alabama Crimson Tide batting - Pitching for University of Conneticut Huskies : RHP Sherwood Abernethy
|
Batting: LHB Yu-shu Ni
|
0-0: Ball 1-0: Swinging Strike 1-1: Swinging Strike 1-2: Ball 2-2: Foul Ball, location: 2F 2-2: Strikes out swinging
|
Batting: LHB Matt Barkley
|
0-0: Called Strike 0-1: Foul Ball, location: 2F 0-2: Ball 1-2: Ball 2-2: Ball 3-2: Foul Ball, location: 2F 3-2: Foul Ball, location: 2F 3-2: SOLO HOME RUN (Flyball, 7D, EV 97.5 MPH), Distance : 359 ft
|
Batting: RHB Juan Araiza
|
0-0: Called Strike 0-1: SINGLE (Groundball, 34, EV 95.0 MPH)
|
Batting: LHB Danny Schultz
|
0-0: Foul Ball, location: 2F 0-1: Ball 1-1: Single, Error in OF, E8, batter to second base (Groundball, 6MD, EV 98.8 MPH) Juan Araiza to third
|
Batting: RHB Hughie Withers
|
0-0: Ball 1-0: Foul Ball, location: 2F 1-1: Ball 2-1: SINGLE (Line Drive, 89S, EV 93.1 MPH) Juan Araiza scores Danny Schultz to third Runner from 3rd tries for Home, throw by RF and OUT! 9-2 Hughie Withers to second
|
Batting: LHB Dallas Shaw
|
0-0: Called Strike 0-1: Ball 1-1: Swinging Strike 1-2: Foul Ball, location: 2F 1-2: Ball 2-2: Foul Ball, location: 2F 2-2: Strikes out swinging
|
Bottom of the 3rd over - 2 runs, 4 hits, 1 error, 1 left on base; University of Conneticut 0 - University of Alabama 3 |
TOP OF THE 4TH |
University of Conneticut Huskies batting - Pitching for University of Alabama Crimson Tide : RHP Zachary Mandeville
|
Batting: RHB Cullen Elliott
|
0-0: Called Strike 0-1: Called Strike 0-2: Strikes out swinging
|
Batting: RHB Roku Kawano
|
0-0: Called Strike 0-1: SINGLE (Flyball, 56D, EV 88.8 MPH)
|
Batting: LHB Andrew Barzee
|
0-0: Called Strike 0-1: Ball 1-1: Fly out, F8 (Flyball, 8LXD, EV 98.8 MPH)
|
Batting: RHB Victor Ramos
|
0-0: Foul Ball, location: 2F 0-1: Foul Ball, location: 2F 0-2: Ball 1-2: Foul Ball, location: 2F 1-2: Foul Ball, location: 2F 1-2: Foul Ball, location: 2F 1-2: Fly out, F9 (Flyball, 9S, EV 80.6 MPH)
|
Top of the 4th over - 0 runs, 1 hit, 0 errors, 1 left on base; University of Conneticut 0 - University of Alabama 3 |
BOTTOM OF THE 4TH |
University of Alabama Crimson Tide batting - Pitching for University of Conneticut Huskies : RHP Sherwood Abernethy
|
Batting: LHB Joe Blackwood
|
0-0: Called Strike 0-1: Foul Ball, location: 2F 0-2: Ground out 4-3 (Groundball, 4S, EV 75.6 MPH)
|
Batting: RHB Jong-your Lee
|
0-0: Ball 1-0: Called Strike 1-1: Foul Ball, location: 2F 1-2: Foul Ball, location: 2F 1-2: Reached on error, E5 (Groundball, 5, EV 80.6 MPH)
|
Batting: RHB Eric Kilmer
|
0-0: Ball Jong-your Lee steals 2nd base 1-0: Called Strike 1-1: Ball 2-1: Called Strike 2-2: Foul Ball, location: 2F 2-2: Fly out, F4 (Line Drive, 4M, EV 71.9 MPH)
|
Pitching: LHP Jim Weinberg
|
|
Batting: LHB Yu-shu Ni
|
0-0: SINGLE (Line Drive, 89M, EV 106.9 MPH) Jong-your Lee to third Runner from 3rd tries for Home, SAFE, throw by RF to home
|
Batting: LHB Matt Barkley
|
0-0: Ball 1-0: Ball 2-0: Ball 3-0: Base on Balls Yu-shu Ni to second
|
Batting: RHB Juan Araiza
|
0-0: Ball 1-0: Ball 2-0: Called Strike 2-1: Foul Ball, location: 2F 2-2: Foul Ball, location: 2F 2-2: Foul Ball, location: 2F 2-2: SINGLE (Line Drive, 4D, EV 102.5 MPH) Yu-shu Ni to third Matt Barkley to second Throwing error, E8 Yu-shu Ni scores Matt Barkley to third Juan Araiza to second
|
Batting: LHB Danny Schultz
|
0-0: Foul Ball, location: 2F 0-1: Fly out, F7 (Flyball, 78M, EV 92.5 MPH)
|
Bottom of the 4th over - 2 runs, 2 hits, 2 errors, 2 left on base; University of Conneticut 0 - University of Alabama 5 |
TOP OF THE 5TH |
University of Conneticut Huskies batting - Pitching for University of Alabama Crimson Tide : RHP Zachary Mandeville
|
Batting: LHB Hector Acosta
|
0-0: Ball 1-0: Fly out, F8 (Flyball, 8LXD, EV 104.4 MPH)
|
Batting: LHB Greg James
|
0-0: Called Strike 0-1: Ball 1-1: Ball 2-1: Fly out, F9 (Flyball, 9, EV 90.0 MPH)
|
Batting: RHB Jack Vokey
|
0-0: Fly out, F8 (Flyball, 89M, EV 86.9 MPH)
|
Top of the 5th over - 0 runs, 0 hits, 0 errors, 0 left on base; University of Conneticut 0 - University of Alabama 5 |
BOTTOM OF THE 5TH |
University of Alabama Crimson Tide batting - Pitching for University of Conneticut Huskies : LHP Jim Weinberg
|
Batting: RHB Hughie Withers
|
0-0: Ball 1-0: Ground out U3 (Groundball, 3, EV 88.1 MPH)
|
Batting: LHB Dallas Shaw
|
0-0: Called Strike 0-1: Foul Ball, location: 2F 0-2: Strikes out looking
|
Batting: LHB Joe Blackwood
|
0-0: Ball 1-0: Ground out 6-3 (Groundball, 6, EV 84.4 MPH)
|
Bottom of the 5th over - 0 runs, 0 hits, 0 errors, 0 left on base; University of Conneticut 0 - University of Alabama 5 |
TOP OF THE 6TH |
University of Conneticut Huskies batting - Pitching for University of Alabama Crimson Tide : RHP Zachary Mandeville
|
Batting: SHB Ismael Vega
|
0-0: Ball 1-0: SINGLE (Line Drive, 7S, EV 106.9 MPH)
|
Batting: RHB Jordan Nicholas
|
0-0: Foul Ball, location: 2F 0-1: Ball 1-1: Foul Ball, location: 2F 1-2: Ball 2-2: Fly out, F1 (Line Drive, P, EV 78.1 MPH)
|
Batting: RHB Cullen Elliott
|
0-0: Ball Ismael Vega steals 2nd, throwing error, E2 Ismael Vega to third 1-0: Swinging Strike 1-1: Foul Ball, location: 2F 1-2: Foul Ball, location: 2F 1-2: Ball 2-2: Foul Ball, location: 2F 2-2: Strikes out swinging
|
Batting: RHB Roku Kawano
|
0-0: Ball 1-0: Foul Ball, location: 2F 1-1: Foul Ball, location: 2F 1-2: Fly out, F7 (Line Drive, 7, EV 94.4 MPH)
|
Top of the 6th over - 0 runs, 1 hit, 1 error, 1 left on base; University of Conneticut 0 - University of Alabama 5 |
BOTTOM OF THE 6TH |
University of Alabama Crimson Tide batting - Pitching for University of Conneticut Huskies : LHP Jim Weinberg
|
Batting: RHB Jong-your Lee
|
0-0: Ball 1-0: Swinging Strike 1-1: Ground out 6-3 (Groundball, 6, EV 83.8 MPH)
|
Batting: RHB Eric Kilmer
|
0-0: Ball 1-0: Called Strike 1-1: Ball 2-1: Called Strike 2-2: Strikes out swinging
|
Batting: LHB Yu-shu Ni
|
0-0: Ball 1-0: Ball 2-0: Foul Ball, location: 2F 2-1: Ball 3-1: Base on Balls
|
Batting: LHB Matt Barkley
|
0-0: Foul Ball, location: 2F 0-1: Swinging Strike 0-2: Ball 1-2: Foul Ball, location: 2F 1-2: Ball 2-2: Foul Ball, location: 2F 2-2: Foul Ball, location: 2F 2-2: Foul Ball, location: 2F 2-2: Ball 3-2: Ground out 4-3 (Groundball, 34, EV 86.2 MPH)
|
Bottom of the 6th over - 0 runs, 0 hits, 0 errors, 1 left on base; University of Conneticut 0 - University of Alabama 5 |
TOP OF THE 7TH |
University of Conneticut Huskies batting - Pitching for University of Alabama Crimson Tide : RHP Zachary Mandeville
|
Pitching: RHP Matilde Tudela
|
|
Batting: LHB Andrew Barzee
|
0-0: Foul Ball, location: 2F 0-1: Foul Ball, location: 2F 0-2: Ball 1-2: Strikes out swinging
|
Batting: RHB Victor Ramos
|
0-0: Swinging Strike 0-1: Called Strike 0-2: Strikes out looking
|
Batting: LHB Hector Acosta
|
0-0: Fly out, F9 (Line Drive, 9, EV 86.2 MPH)
|
Top of the 7th over - 0 runs, 0 hits, 0 errors, 0 left on base; University of Conneticut 0 - University of Alabama 5 |
BOTTOM OF THE 7TH |
University of Alabama Crimson Tide batting - Pitching for University of Conneticut Huskies : LHP Jim Weinberg
|
Batting: RHB Juan Araiza
|
0-0: Ball 1-0: Foul Ball, location: 2F 1-1: Foul Ball, location: 2F 1-2: Fly out, F8 (Line Drive, 8LD, EV 94.4 MPH)
|
Batting: LHB Danny Schultz
|
0-0: Ball 1-0: Swinging Strike 1-1: Ball 2-1: Ball 3-1: Foul Ball, location: 2F 3-2: Ground out 5-3 (Groundball, 56, EV 97.5 MPH)
|
Batting: RHB Hughie Withers
|
0-0: Called Strike 0-1: Ball 1-1: Reached via error on a dropped throw from P, E3 (Groundball, 13S, EV 66.9 MPH)
|
Pitching: RHP Hector Guerra
|
|
Batting: LHB Dallas Shaw
|
0-0: Foul Ball, location: 2F 0-1: SINGLE (Line Drive, 4D, EV 106.2 MPH) Hughie Withers to second
|
Batting: LHB Joe Blackwood
|
0-0: Ball 1-0: SINGLE (Flyball, 89S, EV 92.5 MPH) Hughie Withers to third Dallas Shaw to second Throwing error, E9 Hughie Withers scores Dallas Shaw to third Joe Blackwood to second
|
Batting: RHB Jong-your Lee
|
0-0: Called Strike 0-1: Ball 1-1: Ball 2-1: Ground out 5-3 (Groundball, 5, EV 80.6 MPH)
|
Bottom of the 7th over - 1 run, 2 hits, 2 errors, 2 left on base; University of Conneticut 0 - University of Alabama 6 |
TOP OF THE 8TH |
University of Conneticut Huskies batting - Pitching for University of Alabama Crimson Tide : RHP Matilde Tudela
|
Batting: LHB Greg James
|
0-0: Called Strike 0-1: Foul Ball, location: 2F 0-2: Foul Ball, location: 2F 0-2: Ball 1-2: Foul Ball, location: 2F 1-2: Strikes out swinging
|
Batting: RHB Jack Vokey
|
0-0: Fly out, F6 (Line Drive, 6M, EV 73.1 MPH)
|
Batting: SHB Ismael Vega
|
0-0: Called Strike 0-1: Called Strike 0-2: Strikes out swinging
|
Top of the 8th over - 0 runs, 0 hits, 0 errors, 0 left on base; University of Conneticut 0 - University of Alabama 6 |
BOTTOM OF THE 8TH |
University of Alabama Crimson Tide batting - Pitching for University of Conneticut Huskies : RHP Hector Guerra
|
Batting: RHB Eric Kilmer
|
0-0: Called Strike 0-1: Foul Ball, location: 2F 0-2: Strikes out swinging
|
Batting: LHB Yu-shu Ni
|
0-0: Ground out 6-3 (Groundball, 6, EV 86.9 MPH)
|
Batting: LHB Matt Barkley
|
0-0: Swinging Strike 0-1: DOUBLE (Line Drive, 5D, EV 99.4 MPH)
|
Batting: RHB Juan Araiza
|
0-0: Ball 1-0: Ball 2-0: Called Strike 2-1: Ground out 4-3 (Groundball, 4, EV 85.0 MPH)
|
Bottom of the 8th over - 0 runs, 1 hit, 0 errors, 1 left on base; University of Conneticut 0 - University of Alabama 6 |
TOP OF THE 9TH |
University of Conneticut Huskies batting - Pitching for University of Alabama Crimson Tide : RHP Matilde Tudela
|
Batting: RHB Jordan Nicholas
|
0-0: Foul Ball, location: 2F 0-1: Ball 1-1: Swinging Strike 1-2: Strikes out swinging
|
Batting: RHB Cullen Elliott
|
0-0: Ball 1-0: Ground out 6-3 (Groundball, 56, EV 106.2 MPH)
|
Batting: RHB Roku Kawano
|
0-0: Ball 1-0: Ball 2-0: Foul Ball, location: 2F 2-1: Ball 3-1: Base on Balls
|
Batting: LHB Andrew Barzee
|
0-0: Ground out 1-3 (Groundball, 13, EV 76.2 MPH)
|
Top of the 9th over - 0 runs, 0 hits, 0 errors, 1 left on base; University of Conneticut 0 - University of Alabama 6 |
|